 Dungeon Crawl Stone Soup version 0.19.1 (webtiles) character file.

42 Dfrag the Firebug (level 3, -1/24 HPs)
             Began as a Demonspawn Fire Elementalist on Nov 29, 2016.
             Slain by Robin
             ... wielding a +0 whip
              (3 damage)
             ... on level 1 of the Dungeon.
             The game lasted 00:02:14 (1286 turns).

Dfrag the Firebug (Demonspawn Fire Elementalist)    Turns: 1286, Time: 00:02:15

Health: -1/24      AC:  2    Str:  8    XL:     3   Next: 33%
Magic:  0/6        EV: 12    Int: 17    God:
Gold:   47         SH:  0    Dex: 13    Spells: 1 memorised, 6 levels left

rFire  . . .     SeeInvis .     (no weapon)
rCold  . . .     Gourm    .     a - +0 robe
rNeg   . . .     Faith    .     (no shield)
rPois  .         Spirit   .     (no helmet)
rElec  .         Reflect  .     (no cloak)
rCorr  .         Harm     .     (no gloves)
MR     .....                    (no boots)
Stlth  +.........               (no amulet)
                                (no ring)
                                g - ring of loudness (curse)

@: very slightly contaminated
A: talons 1, powered by death 1
a: no special abilities


You were on level 1 of the Dungeon.
You were hungry.

You visited 1 branch of the dungeon, and saw 2 of its levels.

You collected 47 gold pieces.

Inventory:

Armour
 a - a +0 robe (worn)
Jewellery
 g - a cursed ring of loudness (left hand)
Scrolls
 i - 3 scrolls of identify {unknown}
Potions
 d - a potion of ambrosia {unknown}
 e - 2 potions of flight {unknown}
 f - a potion of curing {unknown}
 h - 2 potions of mutation {unknown}
 j - a potion of agility {unknown}
 k - a potion of berserk rage {unknown}
Books
 b - a book of Flames

   Spells                             Type                      Level
   a - Flame Tongue                   Conjuration/Fire             1
   b - Throw Flame                    Conjuration/Fire             2
   c - Conjure Flame                  Conjuration/Fire             3
   d - Inner Flame                    Hexes/Fire                   3
   e - Sticky Flame                   Conjuration/Fire             4
   f - Fireball                       Conjuration/Fire             5
Comestibles
 c - 2 bread rations
 l - 5 fruits


   Skills:
 - Level 1.7 Dodging
 - Level 1.7 Stealth
 + Level 2.5 Spellcasting
 + Level 2.0 Conjurations
 + Level 3.2 Fire Magic


You had 6 spell levels left.
You knew the following spells:

 Your Spells              Type           Power        Failure   Level  Hunger
a - Flame Tongue          Conj/Fire      ##...        10%         1    #......


Dungeon Overview and Level Annotations

Branches:
Dungeon (2/15)

Altars:

Annotations:
D:1 Robin


Innate Abilities, Weirdness & Mutations

You have sharp toenails.
You regenerate a little health from kills.


Message History

Robin says, "Bow before me, strongest of all the hobgoblins!"
Casting: Flame Tongue
Confirm with . or Enter, or press ? or * to list all spells.
Aiming: Flame Tongue
Press: ? - help, Shift-Dir - straight line, f/p - Robin
Aim: Robin, wielding a whip, wearing an animal skin and wearing a shiny helmet (almost dead)
The flame tongue hits Robin.
Robin appears unharmed.
Robin is almost dead.
Robin hits you with a whip.
* * * LOW HITPOINT WARNING * * *
Unknown command.
Robin says, "Bow before me, strongest of all the hobgoblins!"
Robin says, "Bow before me, strongest of all the hobgoblins!"
Casting: Flame Tongue
Confirm with . or Enter, or press ? or * to list all spells.
Aiming: Flame Tongue
Press: ? - help, Shift-Dir - straight line, f/p - Robin
Aim: Robin, wielding a whip, wearing an animal skin and wearing a shiny helmet (almost dead)
The flame tongue misses Robin.
Robin hits you with a whip.
You die...

#.###.##....# #.#.#
...##.#.....## #.#.#
.............## #.#.#
..............######## #.#.#
...##................# #.#.#
...##.........######.# #.#.#
.#####.......### #.# #.#.####
...............#####.#####.#.....
...........###..@g.........######
########.### #######.####### #
#.# #.############ # #.#
#.##÷......... # #÷#
#....######### # #.##### ###### #
#.....# # #####.# # #.#


You could see Robin.

Vanquished Creatures
  An ooze (D:1)
  3 dart slugs (D:1)
  11 goblins
  6 hobgoblins (D:1)
  A kobold (D:1)
  A ball python (D:1)
  2 bats (D:1)
  3 frilled lizards (D:1)
28 creatures vanquished.

Notes
Turn   | Place    | Note
-------+----------+-------------------------------------------
     0 | D:1      | Dfrag the Demonspawn Fire Elementalist began the quest for the Orb.
     0 | D:1      | Reached XP level 1. HP: 13/13 MP: 3/3
   250 | D:1      | Gained mutation: You regenerate a little health from kills. [demonic ancestry]
   250 | D:1      | Reached XP level 2. HP: 11/19 MP: 3/5
   309 | D:1      | Reached skill level 3 in Fire Magic
   773 | D:1      | Gained mutation: You have sharp toenails. [demonic ancestry]
   773 | D:1      | Reached XP level 3. HP: 19/24 MP: 0/6
   868 | D:2      | Noticed Robin
  1286 | D:1      | Slain by Robin

Skill      XL: |  1  2  3 |
---------------+----------+-----
Fire Magic     | 3 |  3.2
Conjurations   | 2 |  2.0
Dodging        | |  1.7
Stealth        | |  1.7
Spellcasting   | |  2.5

Action                   || total
-------------------------++-------
Melee: Unarmed           ||    47
       Kick              ||     3
 Cast: Flame Tongue      ||    57
  Eat: Chunk             ||     1
Armor: Robe              ||    11
Dodge: Dodged            ||    64
